 Dungeon Crawl Stone Soup version 0.28.0-45-g0d030f2227 (webtiles) character file.

Game seed: 13968867764859756764

119 pkoi the Insei (level 4, -3/37 HPs)
             Began as a Demigod Gladiator on Apr 11, 2022.
             Slain by a gnoll
             ... wielding a +0 spear
              (4 damage)
             ... on level 2 of the Dungeon.
             The game lasted 00:02:04 (2595 turns).

pkoi the Insei (Demigod Gladiator)                  Turns: 2595, Time: 00:02:05

Health: -3/37      AC:  5    Str: 15    XL:     4   Next: 46%
Magic:  6/6        EV: 12    Int: 14    God:
Gold:   52         SH:  0    Dex: 15    Spells: 2/3 levels left

rFire   . . .      SeeInvis .   l - +0 dagger (spect)
rCold   . . .      Faith    .   (no shield)
rNeg    . . .      Spirit   .   a - +0 leather armour
rPois   .          Reflect  .   b - +1 helmet
rElec   .          Harm     .   (no cloak)
rCorr   .          Rampage  .   (no gloves)
Will    .....                   (no boots)
Stlth   +.........              (no amulet)
HPRegen 0.12/turn               (no ring)
MPRegen 0.10/turn               (no ring)

@: slowed, very slow
A: high MP 1, forlorn, divine attributes
a: no special abilities


You were on level 2 of the Dungeon.
You visited 1 branch of the dungeon, and saw 2 of its levels.

You collected 52 gold pieces.

Inventory:

Hand Weapons
 i - a +2 dagger of draining
 j - a +0 hand axe
 k - a +0 club
 l - a +0 spectral dagger (weapon)
Missiles
 c - 3 throwing nets (quivered)
Armour
 a - a +0 leather armour (worn)
 b - a +1 helmet (worn)
Magical Staves
 d - a staff of conjuration
Wands
 h - a wand of iceblast (8)
Scrolls
 g - 3 scrolls of identify
Potions
 e - a potion of mutation
 f - a potion of resistance


   Skills:
 + Level 2.9 Fighting
 - Level 1.7 Throwing
 - Level 2.6 Dodging
 * Level 4.4 Unarmed Combat


You had 2 spell levels left.
You knew the following spells:

 Your Spells              Type           Power      Damage    Failure   Level
a - Beastly Appendage     Tmut           0%         N/A       34%         1

Your spell library contained the following spells:

 Spells                   Type           Power      Damage    Failure   Level
 Wereblood                Tmut           0%         N/A       47%         2
 Inner Flame              Hex/Fire       0%         N/A       71%         3
 Spider Form              Tmut/Pois      0%         N/A       71%         3
 Cause Fear               Hex            0%         N/A       98%         4
 Discord                  Hex            0%         N/A       100%        8


Dungeon Overview and Level Annotations

Branches:
Dungeon (2/15)

Shops:
D:1 (   D:2 *


Innate Abilities, Weirdness & Mutations

You have an increased reservoir of magic. (+10% MP)
You shall have no god before yourself.
Your divine heritage dramatically boosts your attributes as you level up.


Message History

Natasha glows brightly for a moment.
Natasha casts a spell at you.
You feel as though you will be slow longer.
The gnoll barely misses you. The gnoll hits you but does no damage.
You hit Natasha.
You kill Natasha!
You feel Natasha's spirit has finally been put to rest.
The gnoll hits you but does no damage.
The hobgoblin hits you but does no damage.
The gnoll hits you but does no damage. The gnoll hits you with a +0 flail.
* * * LOW HITPOINT WARNING * * *
The hobgoblin hits you but does no damage.
The gnoll hits you from afar with a +0 spear.
* * * LOW HITPOINT WARNING * * *
Unknown command.
You barely miss the hobgoblin.
Your +0 spectral dagger completely misses the hobgoblin.
The gnoll hits you from afar with a +0 spear.
* * * LOW HITPOINT WARNING * * *
The gnoll hits you but does no damage. x2; The hobgoblin hits you.
* * * LOW HITPOINT WARNING * * *
The gnoll hits you but does no damage. x2
You closely miss the hobgoblin.
Your +0 spectral dagger hits the hobgoblin!
You kill the hobgoblin!
The gnoll hits you but does no damage. x4
Your life force feels restored.
Unknown command.
You hit the gnoll.
The gnoll is lightly wounded.
Your +0 spectral dagger hits the gnoll.
You feel less wooden.
Your +1 helmet unmelds from your body.
Your +0 leather armour unmelds from your body.
The gnoll closely misses you. The gnoll hits you with a +0 flail.
* * * LOW HITPOINT WARNING * * *
The gnoll hits you from afar with a +0 spear.
* * * LOW HITPOINT WARNING * * *
The gnoll hits you from afar with a +0 spear.
You die...

.........).....# #...#
###.#..######.# ##..# ##.#..#
#'## ##.. .###.....# #...##
### #.........# #.....# ####
#..##.....###....... ##.##
#.........##..(......####...#
#..>......'.g.......+.....(.
#......#.##@(...... ####...#
#..##.##$###/g..... ##.#. #..
## #.# .g..... #### #. ...
#.....# # ##. #....# # .
#..#. # ##..g. # .## .... #
## ..#... .


You could see 3 gnolls and a friendly +0 spectral dagger (summoned).

Vanquished Creatures
  Natasha (thrice) (D:2)
  A worm (D:2)
  2 dart slugs
  2 bats
  3 endoplasms
  2 giant cockroaches (D:1)
  4 goblins
  4 hobgoblins
  5 jackals
  2 kobolds (D:2)
  A quokka (D:2)
  A ball python (D:1)
  2 frilled lizards
  2 rats
34 creatures vanquished.

Notes
Turn   | Place    | Note
-------+----------+-------------------------------------------
     0 | D:1      | pkoi the Demigod Gladiator began the quest for the Orb.
     0 | D:1      | Reached XP level 1. HP: 17/17 MP: 3/3
   315 | D:1      | Reached skill level 3 in Unarmed Combat
   634 | D:1      | Reached XP level 2. HP: 24/24 MP: 4/4
   999 | D:1      | Found Pylik's Antique Weapon Emporium.
  1415 | D:2      | Found Woxeych's General Store.
  1637 | D:2      | Noticed Natasha
  1643 | D:2      | Killed Natasha
  1644 | D:2      | Reached XP level 3. HP: 30/30 MP: 5/5
  1646 | D:2      | Learned a level 1 spell: Beastly Appendage
  1745 | D:2      | Noticed Natasha
  1752 | D:2      | Killed Natasha
  1753 | D:2      | Reached skill level 4 in Unarmed Combat
  2091 | D:2      | Reached XP level 4. HP: 36/37 MP: 6/6
  2579 | D:2      | Noticed Natasha
  2592 | D:2      | Killed Natasha
  2595 | D:2      | HP: 1/37 [gnoll/+0 spear (5)]
  2595 | D:2      | Slain by a gnoll

Illustrated notes

Levels and vault maps discovered:
D:1:      onia_arrival_pentagram, layout_basic,
          chequers_ecumenical_altar_simple, serial_shops, nicolae_shop_trees,
          patterned_corridor
D:2:      layout_loops_corners, serial_shops, nicolae_shop_stone,
          minmay_misc_feat_chi, uniq_natasha

Skill      XL: |  1  2  3 |
---------------+----------+-----
Fighting       | 2 |  2.9
Unarmed Combat | 3 4 |  4.4
Throwing       | |  1.7
Dodging        | |  2.6

Action                   |  1- 3 |  4- 6 || total
-------------------------+-------+-------++-------
Melee: Unarmed           |    65 |       ||    65
       Dagger            |    38 |    38 ||    76
       Punch             |       |     1 ||     1
  Use: Scroll            |     5 |       ||     5
Armor: Leather armour    |    41 |     5 ||    46
       Skin              |       |    38 ||    38
Dodge: Dodged            |    69 |     9 ||    78
